 Dungeon Crawl Stone Soup version 0.25-a0-566-g062765be81 (webtiles) character file.

Game seed: 10516275698164161843, levelgen mode: deterministic

47 Flugslaktarn the Shield-Bearer (level 3, -7/34 HPs)
             Began as a Deep Dwarf Fighter on Feb 28, 2020.
             Mangled by an ogre
             ... wielding a +0 giant club
              (24 damage)
             ... on level 4 of the Dungeon.
             The game lasted 00:00:20 (263 turns).

Flugslaktarn the Shield-Bearer (Deep Dwarf Fighter)  Turns: 263, Time: 00:00:21

Health: -7/34      AC:  6    Str: 20    XL:     3   Next: 48%
Magic:  3/3        EV:  7    Int:  8    God:
Gold:   17         SH:  9    Dex: 12    Spells: 2/2 levels left

rFire    . . .     SeeInvis .   a - +0 war axe
rCold    . . .     Gourm    .   c - +0 kite shield
rNeg     . . .     Faith    .   b - +0 scale mail
rPois    .         Spirit   .   (no helmet)
rElec    .         Reflect  .   (no cloak)
rCorr    .         Harm     .   (no gloves)
MR       .....                  (no boots)
Stlth    ..........             (no amulet)
HPRegen  0.00/turn              (no ring)
MPRegen  0.08/turn              (no ring)

@: non-regenerating
A: damage resistance, heal wounds, sense surroundings 1, no regeneration
a: Heal Wounds


You were on level 4 of the Dungeon.
You were not hungry.

You visited 1 branch of the dungeon, and saw 4 of its levels.

You collected 17 gold pieces.

Inventory:

Hand Weapons
 a - a +0 war axe (weapon)
Armour
 b - a +0 scale mail (worn)
 c - a +0 kite shield (worn)
Scrolls
 f - a scroll of identify {unknown}
 g - a scroll of teleportation {unknown}
 i - a scroll of magic mapping {unknown}
 k - a scroll of remove curse {unknown}
Potions
 d - a potion of might
 j - 2 potions of curing {unknown}
Comestibles
 e - a ration
 h - 3 chunks of flesh


   Skills:
 + Level 3.0 Fighting
 * Level 3.2 Axes
 + Level 3.6 Armour
 + Level 3.7 Shields


You had 2 spell levels left.
You didn't know any spells.
Your spell library was empty.

Dungeon Overview and Level Annotations

Branches:
Dungeon (4/15)
 Temple: D:4-7

Altars:


Innate Abilities, Weirdness & Mutations

You are resistant to damage.
You can heal yourself by infusing magical energy.
You passively map a small area around you.
You do not regenerate.


Message History

The gnoll hits you from afar with a +0 spear.
You block the ogre's attack.
You are too injured to fight recklessly!
You are too injured to fight recklessly!
You are too injured to fight recklessly!
You feel much better.
The gnoll hits you from afar with a +0 halberd.
The gnoll barely misses you. You block the gnoll's attack.
You hit the ogre but do no damage.
The ogre is severely wounded.
You hit the gnoll. The ogre barely misses you.
The gnoll hits you from afar with a +0 halberd.
You block the gnoll's attack. x2; The ogre barely misses you.
Your shield prevents you from hitting the ogre.
The ogre is severely wounded.
You barely miss the gnoll. You block the gnoll's attack. x2
The gnoll hits you with a +0 flail. The gnoll hits you but does no damage.
The ogre hits you with a +0 giant club!!
Ouch! That really hurt!
You die...

.........#
.........# *
.........##### * *
.........'...#
,.........###.# , *
*,.........# #.# ,
*,.........# #.#
###########'####.# ,
.....gO@....#....#
.....gg†....#.#### ,
............#.######
,,
............#.....[#
*
...........#######.#
............ , #.# *
?.########### ** #.#
.. #######.# *
#.......#


You could see an ogre and 3 gnolls.

Vanquished Creatures
  A gnoll (D:4)
  2 adders (D:2)
  A worm (D:3)
  2 leopard geckos
  3 bats
  A giant cockroach (D:2)
  A hobgoblin (D:1)
  A kobold (D:1)
  A frilled lizard (D:2)
  4 rats
17 creatures vanquished.

Notes
Turn   | Place    | Note
-------+----------+-------------------------------------------
     0 | D:1      | Flugslaktarn the Deep Dwarf Fighter began the quest for the
                  | Orb.
     0 | D:1      | Reached XP level 1. HP: 20/20 MP: 1/1
    89 | D:2      | Reached XP level 2. HP: 25/27 MP: 2/2
   150 | D:2      | Reached XP level 3. HP: 29/34 MP: 3/3
   252 | D:4      | Noticed an ogre
   263 | D:4      | Mangled by an ogre

Levels and vault maps discovered:
D:1:      lightli_arrival_maybe_door_vault, layout_loops_ring
D:2:      layout_basic, uniq_crazy_yiuf_cottage
D:3:      gammafunk_wand_slinger, layout_loops_ring, ashenzari_altar_1,
          first_ration, uniq_terence
D:4:      layout_basic, zin_purify, nicolae_gozag_zags_fifth_avenue,
          old_standard_altar, minmay_strange_pillars

Skill      XL: |  1  2 |
---------------+-------+-----
Fighting       | 3 |  3.0
Axes           | 3 |  3.2
Armour         | |  3.6
Shields        | |  3.7

Action                   || total
-------------------------++-------
Melee: War axe           ||    62
 Abil: Heal Wounds       ||     1
Armor: Scale mail        ||    28
Dodge: Dodged            ||    34
Block: Kite shield       ||    42

Table legend:
 A = Non-vault XP
 B = Vault XP
 C = Vault XP percentage of total XP
 D = Non-vault monster count
 E = Vault monster count
 F = Vault count percentage of total count
                 A         B        C        D         E       F
            +---------+---------+-------+---------+---------+-------
      Total |      68 |       0 |   0.0 |      17 |       0 |   0.0
            +---------+---------+-------+---------+---------+-------
        D:1 |       7 |       0 |   0.0 |       4 |       0 |   0.0
        D:2 |      39 |       0 |   0.0 |      10 |       0 |   0.0
        D:3 |       5 |       0 |   0.0 |       1 |       0 |   0.0
        D:4 |      17 |       0 |   0.0 |       2 |       0 |   0.0
            +---------+---------+-------+---------+---------+-------
